 Dungeon Crawl Stone Soup version 0.28-a0-828-g0121872642 (webtiles) character file.

Game seed: 17143310603583937507

136325 siradein the Impaler (level 17, -18/134 (140) HPs)
             Began as a Merfolk Gladiator on Nov 10, 2021.
             Was a High Priest of Ru.
             Killed from afar by a fire dragon (26 damage)
             ... with a blast of flame
             ... on level 4 of the Swamp.
             The game lasted 01:53:07 (31654 turns).

siradein the Impaler (Merfolk Gladiator)           Turns: 31654, Time: 01:53:08

HP:   -18/134 (140) AC: 28    Str: 21    XL:     17   Next: 21%
MP:   17/17         EV: 25    Int: 11    God:    Ru [*****.]
Gold: 2166          SH: 12    Dex: 19    Spells: 16/16 levels left

rFire   . . .      SeeInvis +   L - +6 spear (chaos)
rCold   . . .      Faith    .   p - +0 kite shield {AC+3}
rNeg    + . .      Spirit   .   M - +0 swamp dragon scales
rPois   +          Reflect  .   c - +1 helmet "Ymahurgh" {Harm Int+3 SInv Stlth-}
rElec   +          Harm     +   w - +2 cloak
rCorr   .          Rampage  .   T - +2 pair of gloves {archery}
Will    +....                   n - +0 pair of boots
Stlth   ..........              h - amulet of Divine Compulsion {+Inv rElec rN+ Regen+}
HPRegen 1.32/turn               a - +4 ring of evasion
MPRegen 0.15/turn               O - ring "Uckebeota" {AC+4 Str+4 Slay+6}

@: unable to drink, lightly drained
A: inability to drink while threatened, no stealth, hated by all, no fire magic,
no necromancy magic, no transmutations magic, (nimble swimmer 2), mertail
a: Renounce Religion, Evoke Invisibility, Draw Out Power, Power Leap, Apocalypse


You were on level 4 of the Swamp.
You worshipped Ru.
Ru was extremely pleased with you.
You visited 5 branches of the dungeon, and saw 28 of its levels.
You also visited: Sewer and Bailey.

You collected 4063 gold pieces.
You spent 1897 gold pieces at shops.

Inventory:

Hand Weapons
 b - a +6 antimagic spear
 l - the +4 glaive "Demask" {drain, rElec Will+ Dex+3}
   (You bought it in a shop on level 5 of the Dungeon)

   A truly terrible weapon, it drains the life of any living foe it strikes.
   Dex:       It affects your dexterity (+3).
   rElec:     It insulates you from electricity.
   Will:      It increases your willpower.
 L - a +6 spear of chaos (weapon)
Missiles
 d - 10 throwing nets
 f - 5 curare-tipped darts
 k - 29 boomerangs (quivered)
 m - 79 poisoned darts
 B - 4 silver boomerangs
 I - 6 javelins
Armour
 c - the +1 helmet "Ymahurgh" (worn) {Harm Int+3 SInv Stlth-}
   (You bought it in a shop on level 2 of the Orcish Mines)

   Int:       It affects your intelligence (+3).
   SInv:      It lets you see invisible.
   Harm:      It increases damage dealt and taken.
   Stlth:     It makes you less stealthy.
 n - a +0 pair of boots (worn)
 p - a +0 kite shield of protection (worn)
 w - a +2 cloak (worn)
 y - +1 fire dragon scales
 M - +0 swamp dragon scales (worn)
 Q - a +4 troll leather armour {Snorg}
 T - a +2 pair of gloves of archery (worn)
Jewellery
 a - a +4 ring of evasion (left hand)
 h - the amulet of Divine Compulsion (around neck) {+Inv rElec rN+ Regen+}
   (You found it on level 3 of the Lair of Beasts)

   [amulet of regeneration]

   rElec:     It insulates you from electricity.
   rN:        It protects you from negative energy.
   +Inv:      It lets you turn invisible.
   Regen:     It increases your rate of health regeneration.
 F - a ring of protection from fire
 H - an amulet of magic regeneration
 O - the ring "Uckebeota" (right hand) {AC+4 Str+4 Slay+6}
   (You bought it in a shop on level 2 of the Orcish Mines)

   [ring of protection]

   AC:        It affects your AC (+4).
   Str:       It affects your strength (+4).
   Slay:      It affects your accuracy & damage with ranged weapons and melee
   (+6).
 P - a ring of flight
 V - a ring of positive energy
Wands
 r - a wand of flame (23)
 A - a wand of iceblast (43)
 D - a wand of polymorph (24)
 J - a wand of paralysis (38)
 U - a wand of acid (15)
Scrolls
 e - 3 scrolls of acquirement
 o - 4 scrolls of amnesia
 q - 8 scrolls of teleportation
 t - 6 scrolls of blinking
 v - 3 scrolls of fear
 C - 3 scrolls of fog
 W - a scroll of magic mapping
 X - 2 scrolls of silence
 Y - 7 scrolls of immolation
Potions
 g - a potion of magic
 i - 10 potions of curing
 j - a potion of resistance
 s - 11 potions of flight
 x - 8 potions of heal wounds
 z - 2 potions of might
 E - 2 potions of haste
 G - 8 potions of brilliance
 K - a potion of cancellation
 N - 2 potions of invisibility
 R - 3 potions of ambrosia
 S - a potion of berserk rage
 Z - 2 potions of lignification


   Skills:
 + Level 14.9 Fighting
 + Level 19.2 Polearms
 - Level 12.0 Throwing
 + Level 10.6 Armour
 + Level 17.8 Dodging
 + Level 9.2 Shields
 + Level 3.5 Evocations


You had 16 spell levels left.
You didn't know any spells.
Your spell library contained the following spells:

 Spells                   Type           Power      Damage    Failure   Level
 Slow                     Hex            0%         N/A       73%         1
 Blink                    Tloc           0%         N/A       86%         2
 Ensorcelled Hibernation  Hex/Ice        0%         N/A       86%         2
 Poisonous Vapours        Pois/Air       0%         N/A       86%         2
 Static Discharge         Conj/Air       0%         N/A       86%         2
 Confusing Touch          Hex            0%         N/A       97%         3
 Frozen Ramparts          Ice            0%         1d2       97%         3
 Portal Projectile        Hex/Tloc       0%         N/A       97%         3
 Airstrike                Air            0%         N/A       100%        4
 Leda's Liquefaction      Hex/Erth       0%         N/A       100%        4
 Olgreb's Toxic Radiance  Pois           0%         N/A       100%        4
 Lightning Bolt           Conj/Air       0%         1d11      100%        5
 Manifold Assault         Tloc           0%         N/A       100%        5
 Dispersal                Tloc           0%         N/A       100%        6
 Orb of Destruction       Conj           0%         N/A       100%        7
 Disjunction              Tloc           0%         N/A       100%        8
 Sting                    Tmut/Pois      Unusable   1d3       N/A         1
 Call Canine Familiar     Summ           Unusable   N/A       N/A         3
 Summon Guardian Golem    Hex/Summ       Unusable   N/A       N/A         3
 Tukima's Dance           Hex            Unusable   N/A       N/A         3
 Vampiric Draining        Necr           Unusable   2d6       N/A         3
 Dispel Undead            Necr           Unusable   3d6       N/A         4
 Ice Form                 Ice/Tmut       Unusable   N/A       N/A         4
 Sticky Flame             Conj/Fire      Unusable   2d3       N/A         4
 Summon Ice Beast         Ice/Summ       Unusable   N/A       N/A         4
 Summon Lightning Spire   Summ/Air       Unusable   N/A       N/A         4
 Blade Hands              Tmut           Unusable   N/A       N/A         5
 Irradiate                Conj/Tmut      Unusable   3d13      N/A         5
 Dragon Form              Tmut           Unusable   N/A       N/A         7
 Spellforged Servitor     Conj/Summ      Unusable   N/A       N/A         7
 Storm Form               Tmut/Air       Unusable   N/A       N/A         7

Dungeon Overview and Level Annotations

Branches:
Dungeon (15/15)            Temple (1/1) D:6            Lair (6/6) D:9
  Swamp (4/4) Lair:2       Spider (0/4) Lair:2        Slime (0/5) Lair:6
    Orc (2/2) D:9             Elf (0/3) Orc:2        Vaults (0/5) D:13
 Depths (0/4) D:15          Sewer (visited)          Bailey (visited)

Altars:
Ashenzari
Cheibriados
Dithmenos
Elyvilon
Fedhas
Gozag
Hepliaklqana
Kikubaaqudgha
Makhleb
Nemelex Xobeh
Okawaru
Qazlal
Ru
Sif Muna
Trog
Uskayaw
Vehumet
Wu Jian
Xom
Yredelemnul
Zin
The Shining One
Beogh

Shops:
D:5 (   D:11 *   D:14 !   D:15 *   Orc:2 **![=


Innate Abilities, Weirdness & Mutations

You sometimes lose the ability to drink potions when taking damage.
You cannot be stealthy.
You are hated by all.
You cannot study or cast Fire magic.
You cannot study or cast Necromancy magic.
You cannot study or cast Transmutations magic.
((You are quick and stealthy near water. (Stealth+, EV+, Speed+++)))
Your lower body shifts to a powerful aquatic tail in water.


Message History

The swamp worm fires a harpoon shot at you.
The harpoon shot hits you.
* * * LOW HITPOINT WARNING * * *
You are yanked forward by the harpoon shot.
A lindwurm, 2 fire dragons and a fire crab come into view.
You focus your inner power and illuminate the swamp worm in retribution!
The fire dragon begins to attack, but is stunned by your conviction!
A swamp drake comes into view.
The six-headed hydra roars!
The swamp drake roars!
The fire dragon roars deafeningly!
The swamp drake roars!
The lindwurm roars!
The steam dragon breathes steam at you. The ball of steam hits you!!
* * * LOW HITPOINT WARNING * * *
The spriggan druid begins to cast a spell, but is stunned by your conviction!
The swamp worm fires a harpoon shot at you.
You block the harpoon shot.
The fire crab begins to attack, but is stunned by your conviction!
The fire dragon begins to attack, but is stunned by your conviction!
You hear an angry hiss.
You hear a roar!
A steam dragon comes into view.
The steam dragon hisses angrily.
The swamp drake is engulfed in a cloud of scalding steam.
The swamp worm fires a harpoon shot at you.
You block the harpoon shot.
The five-headed hydra is engulfed in a cloud of scalding steam.
The swamp drake is engulfed in a cloud of scalding steam.
The swamp drake begins to attack, but is stunned by your conviction!
You block the five-headed hydra's attack.
The five-headed hydra completely misses you.
The five-headed hydra barely misses you.
The five-headed hydra bites you but does no damage. x2
The five-headed hydra is engulfed in a cloud of scalding steam.
You redirect the steam dragon's attack!
The seven-headed hydra is engulfed in a cloud of scalding steam.
The swamp drake is engulfed in a cloud of scalding steam.
The fire dragon breathes flames at you.
The blast of flame hits the swamp drake!!
The swamp drake dies!
The blast of flame hits you!!
You die...

♣.≈.....≈).....≈§♣♣♣#
♣...≈..§.≈.§≈≈.≈.≈≈.♣#
♣§≈.§.....≈≈≈.i≈...≈.≈
♣.≈≈≈.≈.≈.≈.≈≈...i.≈..
♣....≈..≈.≈D....§...♣≈
♣.≈.......≈.≈.≈≈≈.i...
♣≈≈.≈.....≈k.t.≈≈≈i...
♣..≈.≈...≈..≈≈≈D≈.≈...
♣≈≈.≈@§†§§D.≈D.≈≈.≈.i.
♣♣≈....≈§§D§§≈D..≈....
♣.≈$.≈DDDw..kk..≈.≈...
♣≈≈...D≈w§§§.D...≈..≈.
♣≈≈≈≈...Di.≈.i..≈.....
♣♣.♣....≈D≈..≈..≈≈....
♣≈?.....≈≈......≈≈≈...
♣♣≈.≈.....≈.≈......§≈D
♣.≈...≈.≈≈...i.....≈.≈


You could see a fire dragon, 2 seven-headed hydras, a six-headed hydra, 2
five-headed hydras, a tyrant leech, a spriggan rider, a swamp worm (corona), a
swamp drake and a steam dragon.

Vanquished Creatures
  Rupert (Lair:4)
  Frances (Swamp:1)
  A thorn hunter (Swamp:3)
  Kirke (D:12)
  Azrael (D:13)
  The ghost of ASSMAN the Covert, a journeyman GnWn of the Shining One (Lair:3)
  The ghost of Xaovit the Severer, a journeyman MiBe of Trog (Lair:6)
  2 bunyips
  Snorg (D:11)
  3 eleionomae
  A shambling mangrove (Swamp:2)
  A fire dragon (D:15)
  Fannar (D:11)
  Erolcha (D:11)
  An ice dragon (D:15)
  17 hydras
  6 vault guards (D:13)
  An ogre mage (D:11)
  Harold (D:9)
  13 alligators
  Erica (D:8)
  A catoblepas (Lair:6)
  5 centaur warriors
  A ghost crab (Swamp:2)
  5 boulder beetles
  5 two-headed ogres
  A death knight (D:15)
  A tengu warrior (D:15)
  A deep troll shaman (Lair:6)
  14 death yaks
  An orc high priest (Orc:1)
  Urug (Orc:1)
  8 spriggans
  2 goliath frogs
  Nergalle (D:12)
  A death drake (Swamp:4)
  3 swamp dragons
  4 bog bodies
  Pikel (D:7)
  A phantasmal warrior (D:15)
  3 spectral hydras (Lair:6)
  A lindwurm (Lair:6)
  A wizard (D:14)
  11 orc knights
  A deep elf pyromancer (D:14)
  3 orc sorcerers
  5 will-o-the-wisps
  An oklob plant (Lair:6)
  A wolf spider (D:15)
  4 cyclopes
  5 ugly things
  11 elephants
  3 manticores
  7 black mambas
  The ghost of AlleluiaPinecone the Quickloader, a novice MiHu of Gozag (D:5)
  Psyche (D:11)
  14 cane toads
  A gargoyle (D:12)
  4 rime drakes
  5 tengu conjurers
  8 komodo dragons
  2 freezing wraiths
  A queen bee (Lair:5)
  7 trolls
  2 efreet
  2 polar bears
  3 meliai (Lair:5)
  8 hornets
  9 tyrant leeches
  4 blink frogs
  11 dream sheep
  A meliai zombie (D:11)
  A shadow (D:10)
  2 wyverns (Lair:5)
  31 yaks
  6 wraiths
  2 vampires (D:12)
  6 fire elementals (D:13)
  4 humans (D:12)
  12 basilisks
  A hog (D:12)
  A golden eye (shapeshifter) (D:13)
  2 steam dragons
  Menkaure (D:7)
  22 vampire mosquitoes
  12 swamp worms
  5 wargs
  A hydra simulacrum (Lair:6)
  20 water moccasins
  Duvessa (D:7)
  A sky beast (D:7)
  A swamp drake (Swamp:4)
  A hell hound (D:13)
  7 black bears
  46 orc warriors
  A hornet zombie (D:8)
  2 necrophages
  An ice beast (D:7)
  A black mamba simulacrum (Lair:6)
  18 wolves
  8 ogres
  13 centaurs
  A phantom (D:3)
  A kobold brigand (D:8)
  7 bullfrogs
  2 gnoll sergeants
  9 scorpions
  Dowan (D:7)
  A wyvern zombie (D:9)
  A water moccasin skeleton (D:6)
  28 killer bees
  5 wights (D:10)
  A howler monkey (D:3)
  A torpor snail simulacrum (Lair:6)
  5 centaur zombies
  A lava snake (D:8)
  3 hounds
  2 centaur skeletons (D:7)
  13 orc priests
  2 bullfrog skeletons
  Terence (D:3)
  7 iguanas
  18 orc wizards
  3 hell rats
  A howler monkey zombie (D:6)
  Robin (D:3)
  18 gnolls
  6 adders
  A river rat (D:4)
  An ufetubus (D:7)
  An adder skeleton (D:4)
  3 dart slugs
  10 worms
  93 orcs
  4 bats
  14 endoplasms
  4 giant cockroaches
  17 goblins
  14 hobgoblins
  4 jackals (Sewer)
  10 quokkas
  7 ball pythons
  13 frilled lizards
  3 kobolds
  4 rats
827 creatures vanquished.

Vanquished Creatures (others)
  2 vault guards (D:13)
  A deep elf pyromancer (D:13)
  An elephant (Lair:6)
  3 swamp drakes (Swamp:4)
  A centaur (D:15)
  A killer bee (Lair:5)
  An orc (Orc:1)
  18 foxfires
  75 fungi
  65 plants
168 creatures vanquished.

Grand Total: 995 creatures vanquished

Notes
Turn   | Place    | Note
-------+----------+-------------------------------------------
     0 | D:1      | siradein the Merfolk Gladiator began the quest for the Orb.
     0 | D:1      | Reached XP level 1. HP: 16/16 MP: 1/1
   226 | D:1      | Reached XP level 2. HP: 14/23 MP: 2/2
  1017 | D:1      | Reached XP level 3. HP: 16/28 MP: 3/3
  1482 | D:2      | Found a blossoming altar of Fedhas.
  2000 | D:3      | Found a faded altar of an unknown god.
  2010 | D:3      | Reached skill level 5 in Polearms
  2010 | D:3      | Reached skill level 1 in Armour
  2010 | D:3      | Reached XP level 4. HP: 33/35 MP: 4/4
  2073 | D:3      | Noticed a phantom
  2117 | D:3      | Killed a phantom
  2118 | D:3      | Reached skill level 5 in Dodging
  2118 | D:3      | Reached XP level 5. HP: 10/41 MP: 1/5
  2440 | D:3      | Found a bloodstained altar of Trog.
  2513 | D:3      | Noticed Robin
  2795 | D:3      | Killed Robin
  3030 | D:3      | Reached XP level 6. HP: 46/47 MP: 4/6
  3138 | D:3      | Noticed Terence
  3182 | D:3      | Killed Terence
  3433 | D:4      | Found a white marble altar of Elyvilon.
  3636 | D:4      | Found a glowing drain.
  3653 | Sewer    | Entered a sewer
  4050 | Sewer    | Reached skill level 6 in Polearms
  4517 | D:4      | Reached XP level 7. HP: 53/53 MP: 7/7
  5257 | D:5      | Entered Level 5 of the Dungeon
  5480 | D:5      | Noticed AlleluiaPinecone's ghost (novice MiHu)
  5482 | D:5      | Found a transporter.
  5485 | D:5      | Found a transporter.
  5711 | D:5      | Found an ornate altar of the Wu Jian Council.
  5799 | D:5      | Found a basalt altar of Yredelemnul.
  5799 | D:5      | Found a stormy altar of Qazlal.
  6009 | D:5      | Found Gytec's Antique Weapon Boutique.
  6016 | D:5      | Bought a dazzling glaive for 253 gold pieces
  6016 | D:5      | Identified the +4 glaive "Demask" {drain, rElec Will+
                  | Dex+3} (You bought it in a shop on level 5 of the Dungeon)
  6090 | D:5      | Reached skill level 7 in Polearms
  6124 | D:5      | Reached XP level 8. HP: 45/61 MP: 5/8
  6285 | D:5      | Found a shadowy altar of Dithmenos.
  6600 | D:6      | Reached skill level 5 in Fighting
  6957 | D:6      | Found a staircase to the Ecumenical Temple.
  6979 | Temple   | Entered the Ecumenical Temple
  7094 | Temple   | Became a worshipper of Ru the Awakened
  7261 | D:6      | Reached skill level 5 in Throwing
  7273 | D:6      | Reached skill level 8 in Polearms
  7617 | D:7      | Noticed Dowan
  7617 | D:7      | Noticed Duvessa
  7928 | D:6      | Reached XP level 9. HP: 66/69 MP: 9/9
  8011 | D:7      | Killed Duvessa
  8016 | D:7      | Killed Dowan
  8403 | D:7      | Noticed Menkaure
  8403 | D:7      | Noticed Pikel
  8904 | D:7      | Killed Pikel
  8905 | D:7      | Reached skill level 9 in Polearms
  9156 | D:7      | Found a radiant altar of Vehumet.
  9325 | D:7      | Killed Menkaure
  9453 | D:8      | Identified the +8 whip "Wilousk" {flame, rF- rN++ rCorr
                  | Str+3}
  9683 | D:8      | Found a hide-covered altar of Uskayaw.
  9940 | D:8      | Reached XP level 10. HP: 50/79 MP: 8/10
 10108 | D:8      | Found a snail-covered altar of Cheibriados.
 10161 | D:8      | Reached skill level 10 in Polearms
 10329 | D:8      | Noticed Erica
 10333 | D:8      | Killed Erica
 10334 | D:8      | Reached skill level 5 in Armour
 10558 | D:9      | Noticed a two-headed ogre
 10598 | D:9      | Killed a two-headed ogre
 10599 | D:9      | Reached skill level 10 in Dodging
 10662 | D:9      | Reached skill level 11 in Polearms
 10718 | D:9      | Found a staircase to the Lair.
 10778 | D:9      | Reached XP level 11. HP: 80/86 MP: 7/11
 10889 | D:9      | Noticed Harold
 10909 | D:9      | Killed Harold
 10941 | D:9      | Found a hazy altar of Hepliaklqana.
 10942 | D:9      | Found a glowing silver altar of Zin.
 10970 | D:9      | Found a staircase to the Orcish Mines.
 10970 | D:9      | Found a sparkling altar of Nemelex Xobeh.
 11337 | D:9      | Found a shimmering altar of Xom.
 11508 | D:10     | Entered Level 10 of the Dungeon
 12054 | D:10     | Identified the +4 tower shield of Agoraphobia {rElec rPois
                  | Str-5 SInv}
 12126 | D:10     | Reached skill level 12 in Polearms
 12267 | D:11     | Found Heozutzu's Gadget Gallery.
 12367 | D:11     | Noticed Snorg
 12390 | D:11     | Killed Snorg
 12668 | D:11     | Noticed Fannar
 12683 | D:11     | Killed Fannar
 12838 | D:11     | Noticed Erolcha
 12881 | D:11     | Killed Erolcha
 12882 | D:11     | Reached XP level 12. HP: 96/96 MP: 12/12
 13043 | D:11     | Noticed Psyche
 13058 | D:11     | Killed Psyche
 13062 | D:11     | Noticed a two-headed ogre
 13079 | D:11     | Killed a two-headed ogre
 13080 | D:11     | Reached skill level 13 in Polearms
 13094 | D:11     | Noticed a two-headed ogre
 13101 | D:11     | Noticed an ogre mage
 13103 | D:11     | Noticed a two-headed ogre
 13105 | D:11     | Noticed a two-headed ogre
 13116 | D:11     | Killed a two-headed ogre
 13136 | D:11     | Killed a two-headed ogre
 13145 | D:11     | Killed an ogre mage
 13146 | D:11     | Reached skill level 10 in Fighting
 13149 | D:11     | Killed a two-headed ogre
 13370 | Lair:1   | Entered Level 1 of the Lair of Beasts
 13465 | Lair:1   | Noticed a seven-headed hydra
 13504 | Lair:1   | Killed a seven-headed hydra
 13632 | Lair:1   | Upgraded the game from 0.28-a0-823-gb444dcf96d to
                  | 0.28-a0-828-g0121872642
 14533 | Lair:2   | Noticed an eight-headed hydra
 14609 | Lair:2   | Killed an eight-headed hydra
 14646 | Lair:2   | Noticed a four-headed hydra
 14667 | Lair:2   | Killed a four-headed hydra
 14668 | Lair:2   | Reached skill level 14 in Polearms
 14807 | Lair:2   | Noticed a four-headed hydra
 14843 | Lair:2   | Killed a four-headed hydra
 14844 | Lair:2   | Reached skill level 10 in Throwing
 14844 | Lair:2   | Reached XP level 13. HP: 74/105 MP: 8/13
 14955 | Lair:2   | Found a hole to the Spider Nest.
 14977 | Lair:2   | Gained mutation: You are hated by all. [Ru sacrifice]
 14977 | Lair:2   | Reached * piety under Ru
 14977 | Lair:2   | Reached ** piety under Ru
 15260 | Lair:2   | Found a staircase to the Swamp.
 15954 | Lair:3   | Reached skill level 15 in Polearms
 16060 | Lair:3   | Found a transporter.
 16173 | Lair:3   | Noticed ASSMAN's ghost (journeyman GnWn)
 16182 | Lair:3   | Found a transporter.
 16837 | Lair:4   | Reached skill level 1 in Shields
 17502 | Lair:5   | Noticed Rupert
 17507 | Lair:5   | Paralysed by Rupert for 4 turns
 17578 | Lair:4   | Killed Rupert
 17579 | Lair:4   | Reached XP level 14. HP: 74/114 MP: 6/14
 19203 | Lair:5   | Reached skill level 16 in Polearms
 19336 | Lair:6   | Entered Level 6 of the Lair of Beasts
 19384 | Lair:6   | Found a staircase to the Slime Pits.
 19939 | Lair:6   | Reached skill level 15 in Dodging
 20124 | Lair:6   | Found a runed translucent gate.
 20124 | Lair:6   | Found a runed translucent gate.
 20124 | Lair:6   | Found a runed translucent gate.
 20134 | Lair:6   | Noticed Xaovit's ghost (journeyman MiBe)
 20917 | Lair:6   | Reached skill level 5 in Shields
 20977 | Lair:6   | Reached XP level 15. HP: 119/122 MP: 13/15
 20996 | Lair:6   | Identified the +7 rapier "Wimeedef" {vorpal, *Rage rElec
                  | rPois}
 21626 | D:5      | Killed AlleluiaPinecone's ghost
 21951 | Lair:3   | Killed ASSMAN's ghost
 22007 | Lair:3   | Identified the amulet of Divine Compulsion {+Inv rElec rN+
                  | Regen+}
 22225 | Lair:6   | Killed Xaovit's ghost
 22252 | Lair:6   | HP: 5/121 [four-headed hydra simulacrum (31)]
 22561 | Orc:1    | Entered Level 1 of the Orcish Mines
 22656 | Orc:1    | Noticed Urug
 22681 | Orc:1    | Killed Urug
 23029 | Orc:1    | Reached skill level 17 in Polearms
 23056 | Orc:1    | Gained mutation: You cannot be stealthy. [Ru sacrifice]
 23320 | Orc:2    | Entered Level 2 of the Orcish Mines
 23336 | Orc:2    | Found a staircase to the Elven Halls.
 23680 | Orc:2    | Found Jecueno's Jewellery Boutique.
 23680 | Orc:2    | Found Usiac's Antique Armour Shoppe.
 23685 | Orc:2    | Bought the ring "Uckebeota" {AC+4 Str+4 Slay+6} for 1072
                  | gold pieces
 23711 | Orc:2    | Bought a warped helmet for 285 gold pieces
 23711 | Orc:2    | Identified the +1 helmet "Ymahurgh" {Harm Int+3 SInv
                  | Stlth-} (You bought it in a shop on level 2 of the Orcish
                  | Mines)
 23911 | Orc:2    | Found Munimig's Distillery.
 23922 | Orc:2    | Found Qolusuel's Assorted Antiques.
 24045 | Orc:2    | Found Zuqautt's Assorted Antiques.
 24089 | Orc:2    | Bought a scroll of identify for 50 gold pieces
 24089 | Orc:2    | Bought a scroll of identify for 50 gold pieces
 24089 | Orc:2    | Identified 3 scrolls of acquirement
 24614 | D:12     | Noticed Kirke
 24648 | D:12     | Killed Kirke
 24688 | D:12     | Gained mutation: You sometimes lose the ability to drink
                  | potions when taking damage. [Ru sacrifice]
 24688 | D:12     | Reached *** piety under Ru
 24701 | D:12     | Noticed Nergalle
 24708 | D:12     | Killed Nergalle
 24973 | D:12     | You fall into a shaft and drop 2 floors!
 24987 | D:13     | Found a flagged portal.
 24991 | D:13     | Noticed Azrael
 25027 | D:13     | Killed Azrael
 25078 | Bailey   | Entered a bailey
 26195 | D:13     | Found a sacrificial altar of Ru.
 26303 | D:13     | Gained mutation: You cannot study or cast Fire magic. [Ru
                  | sacrifice]
 26303 | D:13     | Gained mutation: You cannot study or cast Transmutations
                  | magic. [Ru sacrifice]
 26303 | D:13     | Gained mutation: You cannot study or cast Necromancy magic.
                  | [Ru sacrifice]
 26303 | D:13     | Reached **** piety under Ru
 26303 | D:13     | Reached ***** piety under Ru
 26310 | D:13     | Found a gate to the Vaults.
 26383 | D:13     | Reached XP level 16. HP: 124/132 MP: 8/16
 26710 | D:14     | Reached skill level 18 in Polearms
 26968 | D:14     | Found Cairox's Distillery.
 27307 | D:15     | Entered Level 15 of the Dungeon
 27394 | D:15     | Reached skill level 10 in Armour
 27697 | D:15     | Found Hodaet's Assorted Antiques.
 28032 | D:15     | Found a staircase to the Depths.
 28489 | D:15     | Acquired 798 gold pieces
 28734 | Orc:2    | Bought a scroll of enchant weapon for 187 gold pieces
 28909 | Swamp:1  | Entered Level 1 of the Swamp
 28917 | Swamp:1  | Noticed Frances
 28939 | Swamp:1  | Killed Frances
 29218 | Swamp:1  | Reached skill level 1 in Evocations
 30762 | Swamp:3  | Noticed a thorn hunter
 30782 | Swamp:3  | Killed a thorn hunter
 30783 | Swamp:3  | Reached skill level 19 in Polearms
 30789 | Swamp:3  | Reached XP level 17. HP: 105/140 MP: 17/17
 31300 | Swamp:4  | Entered Level 4 of the Swamp
 31651 | Swamp:4  | HP: 4/134 [something/ball of steam (24)]
 31654 | Swamp:4  | Killed from afar by a fire dragon

Illustrated notes

Levels and vault maps discovered:
D:1:      lightli_iron_boxes, layout_basic, minmay_curled_crystal,
          minmay_indecisive_spiral
D:2:      layout_basic, basic_altar
D:3:      layout_rooms, mainiacjoe_overflow_boulevard,
          chequers_ecumenical_altar_simple, uniq_terence, uniq_robin
D:4:      layout_basic, elyvilon_altar_5, portal_sewer_entry_b,
          minmay_lizard_king
D:5:      layout_loops_corners, amcnicky_altar_gilded, kennysheep_little_box,
          gammafunk_temple_overflow_elements, gammafunk_ghost_arena,
          serial_shops, nicolae_diamond_shop
D:6:      layout_loops_ring, minmay_temple_entry_proselytizer
D:7:      layout_layer_cave, old_standard_altar, corexii_checkpoint_b,
          uniq_menkaure, uniq_pikel, uniq_duvessa
D:8:      layout_basic, kennysheep_slug_shrine, nicolae_uskayaw_suspiria,
          kennysheep_generic_room_11, uniq_erica
D:9:      layout_basic, nicolae_overflow_hidden_temple,
          mainiacjoe_overflow_small_starburst, mainiacjoe_overflow_divided_tiny,
          due_lair_maze_entry_diamond, orc_0_dummy, uniq_harold
D:10:     lemuel_flame_loot_2, layout_irregular_city
D:11:     layout_rooms, nicolae_shop_gadgets, uniq_erolcha, uniq_psyche,
          uniq_snorg, uniq_fannar
D:12:     layout_stronghold, uniq_nergalle, uniq_kirke
D:13:     layout_cave_pools, erik_vaults_2, enter_bailey_5,
          minmay_variable_closet, minmay_misc_feat_room,
          hangedman_decor_peaks_small, nicolae_ru_path_of_blood, uniq_azrael
D:14:     layout_roguey, fedhas_altar_2, serial_shops, shop
D:15:     grunt_enter_depths_hoard, layout_stronghold, serial_shops, shop,
          yredelemnul_altar_generic
Temple:   nicolae_temple_figure_zero
Lair:1:   layout_small_grid
Lair:2:   layout_cave_pods, palyth_hydra_swamp_entry,
          nicolae_spider_entry_non_spiders, grunt_megastairs_5,
          lemuel_fruit_tree
Lair:3:   layout_long_grid, gammafunk_ghost_arena
Lair:4:   layout_cave_shapes, infiniplex_staircase_pool_2
Lair:5:   regret_index_wax_grids, layout_hall_layers, uniq_rupert
Lair:6:   grunt_lair_end_beastmaster, layout_regular_city, slime_dummy,
          gammafunk_ghost_necromancy
Swamp:1:  layout_basic_swamp, nicolae_swamp_small_spring, swamp_pool2,
          uniq_frances
Swamp:2:  layout_basic_swamp, serial_swamp_ruin, evilmike_swamp_ruin_house_2,
          evilmike_swamp_ruin_house_3, evilmike_swamp_ruin_rubble_2
Swamp:3:  layout_basic_swamp, hangedman_swamp_ruin_wall, swamp_pool2
Swamp:4:  swamp_fiery, layout_basic_swamp, swamp_pool3, nzn_swamp_blast_mining
Orc:1:    cheibrodos_orc_bank, layout_caves, uniq_urug
Orc:2:    st_orc_town, layout_caves, serial_shops, nicolae_square_shop

Skill      XL: |  1  2  3  4  5  6  7  8  9 10 11 12 13 14 15 16 17 |
---------------+----------------------------------------------------+-----
Fighting       | 3 4 5 7 8 9 10 11 12 13 14 | 14.9
Polearms       | 5 6 7 8 9 11 12 14 15 16 17 19 | 19.2
Armour         | 1 2 3 4 5 6 7 8 9 10 | 10.6
Throwing       | 3 4 5 6 7 8 10 11 12 | 12.0
Dodging        | 5 6 7 9 10 11 13 14 15 16 17 | 17.8
Shields        | 2 5 7 8 9 |  9.2
Evocations     | 2 3 |  3.5

Action                   |  1- 3 |  4- 6 |  7- 9 | 10-12 | 13-15 | 16-18 || total
-------------------------+-------+-------+-------+-------+-------+-------++-------
Melee: Trident           |    91 |   246 |    93 |       |       |       ||   430
       Tailslap          |       |     7 |       |       |    25 |    40 ||    72
       Glaive            |       |       |   143 |   395 |  1023 |       ||  1561
       Spear             |       |       |       |    59 |  1300 |   790 ||  2149
Throw: Dart              |       |     5 |    16 |    31 |     5 |       ||    57
       Stone             |       |       |    16 |    10 |     4 |       ||    30
       Boomerang         |       |       |       |     3 |       |     4 ||     7
Invok: Reject Sacrifices |       |       |     1 |       |     1 |     1 ||     3
       Sacrifice Love    |       |       |       |       |     1 |       ||     1
       Sacrifice Drink   |       |       |       |       |     1 |       ||     1
       Sacrifice Stealth |       |       |       |       |     1 |       ||     1
       Sacrifice Arcana  |       |       |       |       |     1 |       ||     1
       Draw Out Power    |       |       |       |       |       |     2 ||     2
Evoke: Wand              |       |       |     6 |       |       |       ||     6
  Use: Potion            |       |     5 |       |       |     3 |     1 ||     9
       Scroll            |       |       |       |     7 |    16 |    16 ||    39
 Stab: Sleeping          |     3 |     6 |     4 |     2 |     4 |       ||    19
       Petrified         |       |       |       |       |     5 |       ||     5
       Distracted        |       |       |       |       |     7 |     2 ||     9
       Invisible         |       |       |       |       |     4 |     5 ||     9
Armor: Leather armour    |    14 |    59 |    51 |       |       |       ||   124
       Crystal plate arm |       |       |     7 |    21 |       |       ||    28
       Troll leather arm |       |       |       |    95 |   456 |   116 ||   667
       Swamp dragon scal |       |       |       |       |       |    36 ||    36
Dodge: Dodged            |    46 |   145 |   208 |   434 |  2213 |   382 ||  3428
Block: Buckler           |       |       |       |       |   209 |       ||   209
       Kite shield       |       |       |       |       |    45 |   232 ||   277

Table legend: (Time is in decaauts)
 A = Elapsed time spent in this place.
 B = Non-inter-level travel time spent in this place.
 C = Inter-level travel time spent in this place.
 D = Time resting spent in this place.
 E = Time spent auto-exploring this place.
 F = Levels seen in this place.
 G = Mean time per level.
                   A        B        C        D        E       F      G
               +--------+--------+--------+--------+--------+-----+--------+
         Total |  30239 |  28436 |   1803 |   1491 |  18673 |  30 | 1008.0 |
       Dungeon |  16834 |  15908 |    926 |   1133 |  10961 |  15 | 1122.3 |
        Temple |    127 |    127 |      0 |      0 |    113 |   1 |  127.0 |
          Lair |   8287 |   7714 |    573 |    306 |   4529 |   6 | 1381.2 |
         Swamp |   2278 |   2218 |     60 |     48 |   1581 |   4 |  569.5 |
  Orcish Mines |   1946 |   1703 |    243 |      4 |   1011 |   2 |  973.0 |
         Sewer |    475 |    475 |      0 |      0 |    362 |   1 |  475.0 |
        Bailey |    290 |    290 |      0 |      0 |    114 |   1 |  290.0 |
               +--------+--------+--------+--------+--------+-----+--------+

Top non-repeatable levels by time:
  Lair:6: 1891 daAuts
  Lair:5: 1783 daAuts
     D:6: 1689 daAuts
  Lair:2: 1582 daAuts
     D:5: 1442 daAuts
     D:1: 1334 daAuts
     D:4: 1289 daAuts
     D:3: 1274 daAuts
     D:8: 1209 daAuts
   Orc:2: 1168 daAuts
     D:9: 1163 daAuts
    D:15: 1131 daAuts
     D:7: 1080 daAuts
  Lair:1: 1070 daAuts
    D:11: 1064 daAuts
